 Dungeon Crawl Stone Soup version 0.31.0-32-g396128a36d (webtiles) character file.

Game seed: 15608359866760309787

128 PaiMei the Grave Robber (level 4, -1/33 HPs)
             Began as a Demonspawn Necromancer on Apr 17, 2024.
             Slain by an orc wizard
             ... wielding a +2 dagger of speed
              (5 damage)
             ... on level 3 of the Dungeon.
             The game lasted 00:03:24 (2095 turns).

PaiMei the Grave Robber (Demonspawn Necromancer)    Turns: 2095, Time: 00:03:24

Health: -1/33      AC:  3    Str:  8    XL:     4   Next: 86%
Magic:  7/8        EV: 12    Int: 17    God:
Gold:   189        SH:  0    Dex: 14    Spells: 4/8 levels left

rFire   . . .        i - +2 dagger (freeze)
rCold   . . .        (no shield)
rNeg    + . .        a - +0 robe
rPois   .            c - +0 helmet
rElec   .            (no cloak)
rCorr   .            (no gloves)
SInv    .            (no boots)
Will    .....        (no amulet)
Stlth   +            o - ring of positive energy
HPRegen 0.25/turn    (no ring)
MPRegen 0.22/turn

%: no passive effects
@: confused
A: claws 1, magic regeneration
a: no special abilities


You were on level 3 of the Dungeon.
You visited 1 branch of the dungeon, and saw 3 of its levels.

You collected 189 gold pieces.

Inventory:

Hand Weapons
 i - a +2 dagger of freezing (weapon)
Missiles
 p - 3 atropa-tipped darts (quivered)
Armour
 a - a +0 robe (worn)
 c - a +0 helmet (worn)
Jewellery
 o - a ring of positive energy (left claw)
Scrolls
 d - a scroll of vulnerability {unknown}
 e - 2 scrolls of identify {unknown}
 f - a scroll of enchant armour {unknown}
 h - a scroll of immolation {unknown}
 l - a scroll of revelation {unknown}
 n - a scroll of blinking {unknown}
 q - a scroll of poison {unknown}
 s - a scroll of noise {unknown}
 t - a scroll of teleportation {unknown}
Potions
 b - 2 potions of magic
 g - 2 potions of curing {unknown}
 j - a potion of degeneration {unknown}
 k - 2 potions of mutation {unknown}
 m - a potion of heal wounds {unknown}
 r - a potion of brilliance {unknown}


   Skills:
 + Level 1.8 Fighting
 + Level 2.8 Dodging
 - Level 2.0 Stealth
 + Level 2.9 Spellcasting
 + Level 5.0 Necromancy


You had 4 spell levels left.
You knew the following spells:

 Your Spells              Type           Power      Damage    Failure   Level
a - Necrotise             Necr           76%        1d7       2%          1
b - Vampiric Draining     Necr           19%        2d7       7%          3

Your spell library contained the following spells:

 Spells                   Type           Power      Damage    Failure   Level
 Sublimation of Blood     Necr           19%        N/A       3%          2
 Animate Dead             Necr           19%        N/A       22%         4
 Mercury Vapours          Alch/Air       4%         N/A       26%         2
 Mephitic Cloud           Conj/Alch/Air  2%         N/A       47%         3
 Petrify                  Alch/Erth      2%         N/A       87%         4
 Curse of Agony           Necr           19%        N/A       52%         5
 Freezing Cloud           Conj/Ice/Air   1%         6-21      99%         5
 Irradiate                Conj/Alch      1%         3d12      99%         5


Dungeon Overview and Level Annotations

Branches:
Dungeon (3/15)

Altars:


Innate Abilities, Weirdness & Mutations

You have sharp fingernails.
You regenerate magic rapidly.


Message History

The orc barely misses you.
You barely miss the orc.
The orc is heavily wounded.
The orc barely misses you.
You hit the orc. You freeze the orc.
You kill the orc!
Casting: Necrotise (safe; 2% risk of failure)
Confirm with . or Enter, or press ? or * to list all spells.
Aiming: Necrotise (safe; 2% risk of failure)
Press: ? - help, Shift-Dir - straight line, f - orc
Aim: an orc, wielding a +0 whip and wearing a +0 leather armour (chance to affect: 89%) Nothing appears to happen.
Something hits you.
You miss something. Something hits you but does no damage.
Casting: Necrotise (safe; 2% risk of failure)
Confirm with . or Enter, or press ? or * to list all spells.
Aiming: Necrotise (safe; 2% risk of failure)
Press: ? - help, Shift-Dir - straight line, f/p - orc
Aim: an orc, wielding a +0 whip and wearing a +0 leather armour (chance to affect: 89%)
Something writhes in agony.
You hear some strange, mumbled words.
You are confused.
You bump into the rock wall.
Something hits you. x2
You're too confused to cast spells.
You barely miss something.
You hear some strange, mumbled words.
A puff of flame appears from out of thin air!
The puff of flame hits you.
You're too confused to cast spells.
You miss something. Something hits you.
* * * LOW HITPOINT WARNING * * *
You're too confused to cast spells.
You're too confused to cast spells.
Sorry, you're not good enough to have a special ability.
Unknown command.
You're too confused to cast spells.
Unknown command.
You bump into the rock wall.
Something hits you.
* * * LOW HITPOINT WARNING * * *
Something hits you.
You die...

### #.....# #.# ..#
#.)...# ##.## #.#
#.....# #...# #.#
####### ...
#.####### ...
#.......# #o#
#.#####.# #.#
..#####.# ########o#
.....##.###.....@{o#
#.##........########
#.#####.#####
#.......# #########


You could see 2 orcs.

Vanquished Creatures
  Jessica (D:2)
  2 adders (D:2)
  2 ribbon worms
  2 dart slugs (D:2)
  3 orcs (D:3)
  4 ball pythons
  7 endoplasms
  2 giant cockroaches
  10 goblins
  9 hobgoblins
  2 jackals (D:3)
  7 kobolds
  A quokka (D:1)
  6 bats
  3 frilled lizards (D:2)
  4 rats (D:1)
65 creatures vanquished.

Vanquished Creatures (collateral kills)
  2 goblins (D:1)
2 creatures vanquished.

Grand Total: 67 creatures vanquished

Notes
Turn   | Place    | Note
-------+----------+-------------------------------------------
     0 | D:1      | PaiMei the Demonspawn Necromancer began the quest for the
                  | Orb.
     0 | D:1      | Reached XP level 1. HP: 13/13 MP: 3/3
   148 | D:1      | Gained mutation: You regenerate magic rapidly. [demonic
                  | ancestry]
   148 | D:1      | Reached XP level 2. HP: 19/19 MP: 0/5
   588 | D:1      | Reached XP level 3. HP: 25/25 MP: 2/6
   592 | D:1      | Learned a level 3 spell: Vampiric Draining
  1099 | D:2      | Reached skill level 1 in Fighting
  1163 | D:2      | Noticed Jessica
  1167 | D:2      | Killed Jessica
  1168 | D:2      | Gained mutation: You have sharp fingernails. [demonic
                  | ancestry]
  1168 | D:2      | Reached XP level 4. HP: 32/32 MP: 3/8
  1419 | D:2      | Reached skill level 5 in Necromancy
  1970 | D:3      | Noticed a sky beast
  2095 | D:3      | Slain by an orc wizard

Illustrated notes

Levels and vault maps discovered:
D:1:      nagdon_arrival_zigzag_paths, layout_basic, serial_rivers,
          chequers_serial_rivers_marsh, chequers_serial_rivers_marsh,
          chequers_serial_rivers_micro_b, chequers_serial_rivers_micro_a,
          minmay_unequal
D:2:      layout_rooms, uniq_jessica
D:3:      layout_loops_cross

Skill      XL: |  1  2  3  4 |
---------------+-------------+-----
Stealth        | 2 |  2.0
Dodging        | 2 |  2.8
Fighting       | 1 |  1.8
Necromancy     | 5 |  5.0
Spellcasting   | |  2.9

Action                     |  1- 3 |  4- 6 || total
---------------------------+-------+-------++-------
  Melee: Unarmed           |     8 |       ||     8
         Punch             |     2 |       ||     2
         Hand axe          |     4 |       ||     4
         Dagger            |     4 |    14 ||    18
   Cast: Necrotise         |    75 |    47 ||   122
 Armour: Robe              |    30 |    22 ||    52
  Dodge: Dodged            |    33 |    19 ||    52
